 Dungeon Crawl Stone Soup version 0.26.1-11-gd32895ea62 (webtiles) character file.

Game seed: 1976757402536392037

32 ubername the Chopper (level 3, -2/33 HPs)
             Began as a Hill Orc Monk on May 25, 2021.
             Slain by Natasha (7 damage)
             ... on level 1 of the Dungeon.
             The game lasted 00:02:37 (1510 turns).

ubername the Chopper (Hill Orc Monk)                Turns: 1510, Time: 00:02:38

Health: -2/33      AC:  3    Str: 13    XL:     3   Next: 25%
Magic:  3/3        EV: 13    Int: 11    God:
Gold:   47         SH:  0    Dex: 13    Spells: 2/2 levels left

rFire    . . .     SeeInvis .   a - +0 hand axe
rCold    . . .     Faith    .   (no shield)
rNeg     . . .     Spirit   .   b - +0 robe
rPois    .         Reflect  .   (no helmet)
rElec    .         Harm     .   (no cloak)
rCorr    .         Rampage  .   (no gloves)
Will     .....                  j - +0 pair of boots
Stlth    ++........             (no amulet)
HPRegen  0.11/turn              (no ring)
MPRegen  0.08/turn              (no ring)

@: no status effects
A: no striking features
a: no special abilities


You were on level 1 of the Dungeon.
You visited 1 branch of the dungeon, and saw 2 of its levels.

You collected 47 gold pieces.

Inventory:

Hand Weapons
 a - a +0 hand axe (weapon)
Armour
 b - a +0 robe (worn)
 j - a +0 pair of boots (worn)
Jewellery
 k - an uncursed ring of flight {unknown}
 m - an uncursed amulet of the acrobat {unknown}
Scrolls
 e - a scroll of immolation {unknown}
 g - a scroll of random uselessness {unknown}
 h - a scroll of fog {unknown}
 l - a scroll of remove curse {unknown}
Potions
 c - a potion of might {unknown}
 d - a potion of invisibility {unknown}
 f - a potion of curing {unknown}
 i - a potion of mutation {unknown}


   Skills:
 + Level 4.2 Fighting
 + Level 4.7 Axes
 + Level 2.7 Dodging
 + Level 1.5 Stealth


You had 2 spell levels left.
You didn't know any spells.
Your spell library was empty.

Dungeon Overview and Level Annotations

Branches:
Dungeon (2/15)

Altars:

Annotations:
D:1 Natasha


Message History

There is an open door, spattered with blood here.
You barely miss Natasha.
Natasha mumbles some strange words.
Natasha claws you.
You closely miss Natasha. Natasha closely misses you.
You hit Natasha.
Natasha is moderately wounded.
Natasha barely misses you.
The crimson imp laughs crazily.
You hit Natasha.
Natasha is heavily wounded.
Natasha barely misses you.
You closely miss Natasha.
Natasha is heavily wounded.
Natasha claws you!
* * * LOW HITPOINT WARNING * * *
You hit Natasha but do no damage.
Natasha is heavily wounded.
Natasha claws you!
You die...

####### ####### #.....# #......
#.....# #.##### #.....# #.#
#.....### #.# #.......# #.#
#.......# ##########.#
#######.......####........#.#
.............ggh@'........#.#####
#..########..5####........#......
#♣.♣♣ ###.# ###'############
#♣.P♣♣ #)# #.# ♣♣♣..♣ #.# ###.##
♣P♣P.♣♣ #.# ##≈≈≈≈## #####
♣P.P.P♣ #.# #..).≈.# ####....
♣..♣PP.P♣ #.# #.≈≈≈≈.###.....##
♣.♣♣♣.P♣♣ #.# #.##.............


You could see Natasha, a crimson imp (summoned) and 2 goblins.

Vanquished Creatures
  4 dart slugs (D:1)
  A leopard gecko (D:1)
  3 bats (D:1)
  A giant cockroach (D:1)
  2 goblins (D:1)
  2 hobgoblins (D:1)
  A ball python (D:1)
  3 frilled lizards (D:1)
  3 kobolds (D:1)
  4 rats (D:1)
24 creatures vanquished.

Notes
Turn   | Place    | Note
-------+----------+-------------------------------------------
     0 | D:1      | ubername the Hill Orc Monk began the quest for the Orb.
     0 | D:1      | Reached XP level 1. HP: 19/19 MP: 1/1
   216 | D:1      | Reached XP level 2. HP: 14/27 MP: 2/2
   810 | D:1      | Reached XP level 3. HP: 32/33 MP: 3/3
  1493 | D:2      | Noticed Natasha
  1510 | D:1      | Slain by Natasha

Illustrated notes

Levels and vault maps discovered:
D:1:      saegor_arrival_simple_e, layout_basic, serial_forest,
          infiniplex_forest_clump_C, infiniplex_forest_join,
          infiniplex_forest_lined_3, infiniplex_forest_clump_curved,
          infiniplex_forest_clump_diagonal, infiniplex_forest_corner_1,
          infiniplex_forest_lined_room_2, dk_noncrumbling_3,
          chequers_serial_rivers_micro_d
D:2:      layout_basic, lightli_temple_of_fire, uniq_natasha, uniq_robin

Skill      XL: |  1  2 |
---------------+-------+-----
Fighting       | 4 |  4.2
Axes           | |  4.7
Dodging        | |  2.7
Stealth        | |  1.5

Action                   || total
-------------------------++-------
Melee: Hand axe          ||    81
Armor: Robe              ||    23
Dodge: Dodged            ||    48
